 Dungeon Crawl Stone Soup version 0.21.1 (webtiles) character file.

41 shakethe the Cudgeler (level 3, -1/36 HPs)
             Began as a Troll Fighter on Feb 5, 2018.
             Succumbed to Jessica's poison
             ... on level 2 of the Dungeon.
             The game lasted 00:03:28 (972 turns).

shakethe the Cudgeler (Troll Fighter)                Turns: 972, Time: 00:03:29

Health: -1/36      AC:  6    Str: 24    XL:     3   Next: 32%
Magic:  2/2        EV:  8    Int:  4    God:
Gold:   32         SH:  8    Dex: 10    Spells: 2/2 levels left

rFire    . . .     SeeInvis .   a - +0 flail
rCold    . . .     Gourm    +   c - +0 shield
rNeg     . . .     Faith    .   b - +0 robe
rPois    .         Spirit   .   l - +1 hat
rElec    .         Reflect  .   (no cloak)
rCorr    .         Harm     .   (gloves unavailable)
MR       .....                  (boots unavailable)
Stlth    +.........             (no amulet)
HPRegen  0.52/turn              (no ring)
MPRegen  0.08/turn              (no ring)

@: lethally poisoned (-1 -> -20)
A: large, unfitting armour, claws 3, fast metabolism 3, gourmand, regeneration
1, shaggy fur 1, tough skin 2
a: no special abilities


You were on level 2 of the Dungeon.
You were very full.

You visited 1 branch of the dungeon, and saw 2 of its levels.

You collected 32 gold pieces.

Inventory:

Hand Weapons
 a - a +0 flail (weapon)
Armour
 b - a +0 robe (worn)
 c - a +0 shield (worn)
 l - a +1 hat (worn)
Scrolls
 e - a scroll of identify {unknown}
 g - a scroll of teleportation {unknown}
 i - a scroll of amnesia {unknown}
 j - a scroll of remove curse {unknown}
 k - a scroll of immolation {unknown}
Potions
 d - a potion of might
 h - a potion of curing {unknown}
Comestibles
 f - 3 rations


   Skills:
 - Level 2.4 Fighting
 + Level 3.4 Maces & Flails
 - Level 2.4 Dodging
 - Level 2.4 Shields


You had 2 spell levels left.
You didn't know any spells.

Dungeon Overview and Level Annotations

Branches:
Dungeon (2/15)

Altars:
Uskayaw

Annotations:
D:2 Jessica


Innate Abilities, Weirdness & Mutations

You are too large for most types of armour.
You have claws for hands.
Your metabolism is lightning-fast.
You like to eat raw meat.
Your natural rate of healing is unusually fast.
You are covered in fur. (AC +1)
You have very tough skin. (AC +2)


Message History

You are lethally poisoned!
You block Jessica's attack.
You hit Jessica.
Jessica is severely wounded.
* * * LOW HITPOINT WARNING * * *
You feel very sick.
Jessica grins evilly.
You block Jessica's attack. Jessica barely misses you.
You hit Jessica but do no damage.
Jessica is severely wounded.
* * * LOW HITPOINT WARNING * * *
You feel sick.
Jessica points at you and mumbles some strange words.
Pain shoots through your body!
* * * LOW HITPOINT WARNING * * *
Jessica hits you but does no damage.
You are more poisoned.
You closely miss Jessica.
Jessica is severely wounded.
You die...

## ######.## #........ ##
########.# #..###... .#
######........### #..# #... .#
#.......#.......#####..###...
.#
#.......#<#.#.#..............
.#
#..........###...............
.#
#.......#.#.#.#..รท...........
.##
#.......#.#..##.#####..###...
..########......@@..# #..#
#... ...#......#####.#####
#..###... ..........# #.#
#........ ##.#.###..#####.#
#........ (#...##.........#
#........ (#....#...#######
#...###... ##.#..#...# #...#
#... ...#.....[# .....# #...
##.......## ##.#... ....


You could see Jessica.

Vanquished Creatures
  An ooze (D:1)
  A worm (D:2)
  2 leopard geckos (D:1)
  A bat (D:1)
  4 giant cockroaches (D:1)
  4 hobgoblins
  3 kobolds (D:1)
  3 ball pythons (D:1)
  4 frilled lizards
  5 goblins (D:1)
28 creatures vanquished.

Notes
Turn   | Place    | Note
-------+----------+-------------------------------------------
     0 | D:1      | shakethe the Troll Fighter began the quest for the Orb.
     0 | D:1      | Reached XP level 1. HP: 22/22 MP: 0/0
    21 | D:1      | Reached skill level 2 in Maces & Flails
    37 | D:1      | Reached XP level 2. HP: 24/29 MP: 1/1
   230 | D:1      | Reached skill level 3 in Maces & Flails
   382 | D:1      | Reached XP level 3. HP: 36/36 MP: 2/2
   843 | D:2      | Found a hide-covered altar of Uskayaw.
   845 | D:2      | Noticed a dagger
   846 | D:2      | Noticed a hand axe
   908 | D:2      | Noticed Jessica
   971 | D:2      | HP: 1/36 [Jessica/nerve-wracking pain (8)]
   972 | D:2      | Succumbed to Jessica's poison

Skill      XL: |  1  2 |
---------------+-------+-----
Maces & Flails | 2 3 |  3.4
Fighting       | |  2.4
Dodging        | |  2.4
Shields        | |  2.4

Action                   || total
-------------------------++-------
Melee: Flail             ||   115
  Eat: Chunk             ||    14
Armor: Robe              ||    68
Dodge: Dodged            ||    61
Block: Shield            ||    85
